 Dungeon Crawl Stone Soup version 0.31-a0-542-gdc2a67831c (webtiles) character file.

Game seed: 8769855073312993025

581 MrCrawl the Firebug (level 7, -6/36 HPs)
             Began as a Tengu Fire Elementalist on Aug 14, 2023.
             Mangled by Edmund the gnoll
             ... wielding a +1 flail of protection
              (10 damage)
             ... in the Ecumenical Temple.
             The game lasted 00:07:28 (5177 turns).

MrCrawl the Firebug (Tengu Fire Elementalist)       Turns: 5177, Time: 00:07:28

Health: -6/36      AC:  3    Str:  9    XL:     7   Next: 36%
Magic:  10/15      EV: 15    Int: 17    God:
Gold:   174        SH:  0    Dex: 14    Spells: 5/15 levels left

rFire   . . .        k - +0 spear
rCold   . . .        s - orb {*channel}
rNeg    . . .        a - +0 robe
rPois   .            (helmet restricted)
rElec   .            (no cloak)
rCorr   .            y - +0 pair of gloves
SInv    .            (boots unavailable)
Will    +....        (no amulet)
Stlth   ++           q - ring of wizardry
HPRegen 0.26/turn    w - ring of willpower
MPRegen 0.14/turn

%: wizardry (x1), channel magic (20%)
@: flying quickly and evasively, very slightly contaminated, quick
A: beak, talons 3, nimble flight
a: no special abilities


You were in the Ecumenical Temple.
You visited 2 branches of the dungeon, and saw 6 of its levels.

You collected 174 gold pieces.

Inventory:

Hand Weapons
 k - a +0 spear (weapon)
 p - a +1 short sword of freezing
Armour
 a - a +0 robe (worn)
 s - an orb of energy (worn)
 y - a +0 pair of gloves (worn)
Jewellery
 j - a +4 ring of protection
 q - a ring of wizardry (left hand)
 w - a ring of willpower (right hand)
Talismans
 l - a maw talisman
Wands
 o - a wand of polymorph (14)
Scrolls
 d - 2 scrolls of noise {unknown}
 e - a scroll of fear {unknown}
 h - a scroll of revelation {unknown}
 m - a scroll of vulnerability {unknown}
 n - a scroll of teleportation {unknown}
 r - 2 scrolls of blinking {unknown}
 u - a scroll of identify {unknown}
Potions
 c - 3 potions of curing {unknown}
 f - a potion of enlightenment {unknown}
 g - 3 potions of cancellation {unknown}
 i - 2 potions of berserk rage {unknown}
 t - a potion of heal wounds {unknown}
 v - a potion of lignification {unknown}
 x - a potion of attraction {unknown}


   Skills:
 + Level 0.2 Fighting
 + Level 1.9 Polearms
 + Level 2.9 Dodging
 + Level 2.3 Stealth
 + Level 4.7 Spellcasting
 + Level 4.2 Conjurations
 + Level 5.4 Fire Magic


You had 5 spell levels left.
You knew the following spells:

 Your Spells              Type           Power      Damage    Failure   Level
a - Foxfire               Conj/Fire      80%        2x1d8     3%          1
b - Scorch                Fire           44%        2d6       3%          2
c - Flame Wave            Conj/Fire      20%        2d7       17%         4
d - Inner Flame           Hex/Fire       13%        N/A       13%         3

Your spell library contained the following spells:

 Spells                   Type           Power      Damage    Failure   Level
 Volatile Blastmotes      Fire/Tloc      26%        2d12      13%         3


Dungeon Overview and Level Annotations

Branches:
Dungeon (5/15)             Temple (1/1) D:5

Altars:
Dithmenos
Elyvilon
Fedhas
Gozag
Hepliaklqana
Kikubaaqudgha
Makhleb
Nemelex Xobeh
Qazlal
Ru
Sif Muna
Uskayaw
Wu Jian
Zin
The Shining One

Shops:
D:4 :

Annotations:
D:1 2 transporters
D:5 Blork the orc
Temple Edmund


Innate Abilities, Weirdness & Mutations

You have a beak for a mouth.
You have claws for feet.
Your magical nature lets you fly swiftly and evasively.


Message History

Confirm with . or Enter, or press ? or * to list all spells.
Flames lash Edmund but do no damage.
Edmund hits you with a +1 flail of protection.
Casting: Scorch (safe; 3% risk of failure)
Confirm with . or Enter, or press ? or * to list all spells.
You miscast Scorch.
You are very lightly contaminated with residual magic.
Nothing appears to happen.
Magical energy flows into your mind!
Edmund hits you with a +1 flail of protection!
* * * LOW HITPOINT WARNING * * *
Aiming: Polymorph
Press: ? - help, Shift-Dir - straight line, f - Edmund
Aim: Edmund, wielding a +1 flail of protection and wearing a +3 ring mail of cold resistance (heavily wounded, more vulnerable to fire, will become a gnoll, a killer bee, or a jackal, chance to affect: 49%) Edmund evaporates and reforms as a gnoll!
Edmund picks up a +1 flail of protection.
Edmund wields a +1 flail of protection.
Edmund picks up a +3 ring mail of cold resistance.
Edmund wears a +3 ring mail of cold resistance.
Okay, then.
Magic courses through your body.
Casting: Scorch (safe; 3% risk of failure)
Confirm with . or Enter, or press ? or * to list all spells.
Flames lash Edmund.
Edmund is moderately wounded.
Edmund's fire resistance burns away.
Casting: Scorch (safe; 3% risk of failure)
Confirm with . or Enter, or press ? or * to list all spells.
Flames lash Edmund but do no damage.
Edmund barely misses you.
Casting: Scorch (safe; 3% risk of failure)
Confirm with . or Enter, or press ? or * to list all spells.
You miscast Scorch.
Nothing appears to happen.
Magical energy flows into your mind!
Edmund hits you with a +1 flail of protection.
* * * LOW HITPOINT WARNING * * *
Casting: Scorch (safe; 3% risk of failure)
Confirm with . or Enter, or press ? or * to list all spells.
Flames lash Edmund.
Edmund is burned terribly!
Edmund is severely wounded.
Edmund hits you with a +1 flail of protection!
You die...

######### ######### #####
#.......### ###.......### ###....
.._..._...###..._..._...###..._..
...........#....@........#.......
..........###....g......###......
...._.............<............._
..........###...........###......
...........#.............#.......
.._..._...###..._..._...###..._..
#.......### ###.......### ###....
######### ######### #####


You could see Edmund the gnoll (combustible).

Vanquished Creatures
  Sigmund (D:4)
  An ogre (D:4)
  A hound (D:4)
  An orc priest (D:3)
  2 orc wizards (D:3)
  4 gnolls (D:3)
  9 adders
  3 worms
  2 dart slugs (D:1)
  17 orcs
  8 ball pythons
  5 endoplasms
  5 giant cockroaches
  6 goblins
  5 hobgoblins
  2 jackals (D:3)
  3 kobolds
  A quokka (D:2)
  6 bats
  4 frilled lizards
  5 rats
  A spectral hobgoblin (D:1)
92 creatures vanquished.

Vanquished Creatures (others)
  369 foxfires
369 creatures vanquished.

Grand Total: 461 creatures vanquished

Notes
Turn   | Place    | Note
-------+----------+-------------------------------------------
     0 | D:1      | MrCrawl the Tengu Fire Elementalist began the quest for the
                  | Orb.
     0 | D:1      | Reached XP level 1. HP: 10/10 MP: 4/4
   173 | D:1      | Reached XP level 2. HP: 15/15 MP: 3/6
   549 | D:1      | Found a faded altar of an unknown god.
  1185 | D:2      | Reached XP level 3. HP: 16/19 MP: 1/7
  1308 | D:2      | Learned a level 2 spell: Scorch
  1932 | D:2      | Reached XP level 4. HP: 24/24 MP: 5/8
  2451 | D:2      | Learned a level 4 spell: Flame Wave
  3131 | D:3      | Reached skill level 4 in Fire Magic
  3131 | D:3      | Gained mutation: Your magical nature lets you fly swiftly
                  | and evasively. [Tengu growth]
  3131 | D:3      | Reached XP level 5. HP: 28/28 MP: 5/10
  3133 | D:3      | Reached skill level 1 in Polearms
  3440 | D:3      | Reached XP level 6. HP: 32/32 MP: 6/12
  3848 | D:4      | Learned a level 3 spell: Inner Flame
  4372 | D:4      | Noticed Sigmund
  4375 | D:4      | Killed Sigmund
  4376 | D:4      | Reached skill level 5 in Fire Magic
  4376 | D:4      | Reached XP level 7. HP: 25/36 MP: 8/14
  4504 | D:4      | Found Zocaestr Bagi's Book Boutique.
  5063 | D:4      | Found a glowing golden altar of the Shining One.
  5108 | D:5      | Entered Level 5 of the Dungeon
  5109 | D:5      | Found a staircase to the Ecumenical Temple.
  5151 | D:5      | Noticed Edmund
  5156 | D:5      | Noticed Blork the orc
  5166 | Temple   | Entered the Ecumenical Temple
  5170 | Temple   | Edmund changed into Edmund the gnoll
  5170 | Temple   | Noticed Edmund
  5177 | Temple   | Mangled by Edmund the gnoll

Illustrated notes

Levels and vault maps discovered:
D:1:      spicycebolla_arrival_transporter_tutorial, layout_loops_ring,
          dreamdust_ecumenical_altar_drowned_temple
D:2:      layout_loops_ring, dk_noncrumbling_4, palyth_stone_intersect,
          hangedman_feature_mirror, nicolae_titane
D:3:      layout_basic, serial_glass, glass_columns_a, glass_columns_c
D:4:      layout_loops_corners, tso_oasis_becter, nicolae_stop_n_shop_1,
          uniq_sigmund
D:5:      layout_basic, slow_altar_2, nicolae_overflow_two_pavilions,
          minmay_temple_entry_waves, serial_demonic, serial_demonic_e,
          serial_demonic_g, serial_demonic_e, serial_demonic_a, uniq_grinder,
          uniq_blork_the_orc, uniq_edmund
Temple:   zaba_magenta_temple

Skill      XL: |  1  2  3  4  5  6 |
---------------+-------------------+-----
Conjurations   | 2 3 4 |  4.2
Spellcasting   | 3 4 |  4.7
Fire Magic     | 4 5 |  5.4
Polearms       | 1 |  1.9
Fighting       | |  0.2
Dodging        | |  2.9
Stealth        | |  2.3

Action                     |  1- 3 |  4- 6 |  7- 9 || total
---------------------------+-------+-------+-------++-------
  Melee: Unarmed           |     7 |       |       ||     7
         Spear             |    19 |    32 |       ||    51
         Kick              |     7 |     8 |       ||    15
         Peck              |     7 |     3 |       ||    10
   Cast: Foxfire           |    98 |   118 |    18 ||   234
         Scorch            |       |    24 |    15 ||    39
         Inner Flame       |       |       |     2 ||     2
  Evoke: Wand              |       |       |     1 ||     1
    Use: Potion            |       |       |     1 ||     1
   Stab: Sleeping          |       |     2 |       ||     2
 Armour: Robe              |     2 |     9 |       ||    11
  Dodge: Dodged            |    11 |    22 |     3 ||    36

Table legend: (Time is in decaauts)
 A = Elapsed time spent in this place.
 B = Non-inter-level travel time spent in this place.
 C = Inter-level travel time spent in this place.
 D = Time resting spent in this place.
 E = Time spent auto-exploring this place.
 F = Levels seen in this place.
 G = Mean time per level.
                   A        B        C        D        E       F      G
               +--------+--------+--------+--------+--------+-----+--------+
         Total |   5085 |   4910 |    175 |     60 |   4227 |   6 |  847.5 |
       Dungeon |   5074 |   4899 |    175 |     60 |   4227 |   5 | 1014.8 |
        Temple |     10 |     10 |      0 |      0 |      0 |   1 |   10.0 |
               +--------+--------+--------+--------+--------+-----+--------+

Top non-repeatable levels by time:
     D:2: 1380 daAuts
     D:3: 1266 daAuts
     D:4: 1190 daAuts
     D:1: 1184 daAuts
     D:5: 53 daAuts
  Temple: 10 daAuts
